 Dungeon Crawl Stone Soup version 0.30-a0-292-g0f741e3f8e (webtiles) character file.

Game seed: 4900621779266572817

225 themarg the Trooper (level 6, -8/58 HPs)
             Began as a Hill Orc Monk on Oct 17, 2022.
             Was a Priest of Fedhas.
             Succumbed to an orc priest's poison
             ... on level 4 of the Dungeon.
             The game lasted 00:09:46 (3517 turns).

themarg the Trooper (Hill Orc Monk)                 Turns: 3517, Time: 00:09:47

Health: -8/58      AC:  6    Str: 16    XL:     6   Next: 1%
Magic:  7/7        EV: 11    Int: 10    God:    Fedhas [***...]
Gold:   96         SH:  0    Dex: 13    Spells: 5/5 levels left

rFire   . . .      SeeInvis .    a - +0 mace
rCold   . . .      Faith    .    (no shield)
rNeg    . . .      Spirit   .    m - +0 ring mail
rPois   .          Reflect  .    (no helmet)
rElec   .          Harm     .    (no cloak)
rCorr   .          Rampage  .    l - +0 pair of gloves
Will    .....                    (no boots)
Stlth   +.........               (no amulet)
HPRegen 0.29/turn                (no ring)
MPRegen 0.10/turn                (no ring)

@: lethally poisoned (-8 -> -46), attractive
A: no striking features
a: Renounce Religion, Convert to Beogh, Wall of Briars, Grow Ballistomycete


You were on level 4 of the Dungeon.
You worshipped Fedhas.
Fedhas was most pleased with you.
You visited 1 branch of the dungeon, and saw 4 of its levels.

You collected 96 gold pieces.

Inventory:

Hand Weapons
 a - a +0 mace (weapon)
Missiles
 e - 30 stones (quivered)
 u - a boomerang
 v - 4 poisoned darts
Armour
 l - a +0 pair of gloves (worn)
 m - a +0 ring mail (worn)
Jewellery
 t - a ring of flight
Scrolls
 b - a scroll of butterflies {unknown}
 d - 5 scrolls of identify {unknown}
 h - 4 scrolls of immolation {unknown}
 i - 2 scrolls of fear {unknown}
 j - a scroll of vulnerability {unknown}
 k - 2 scrolls of magic mapping {unknown}
 o - a scroll of silence {unknown}
 p - 2 scrolls of summoning {unknown}
 q - 3 scrolls of amnesia {unknown}
Potions
 g - a potion of attraction
 n - a potion of flight
 r - a potion of resistance
 s - a potion of lignification {unknown}


   Skills:
 * Level 6.5 Fighting
 - Level 3.2 Maces & Flails
 - Level 3.0 Dodging
 - Level 2.5 Stealth
 + Level 2.0 Invocations


You had 5 spell levels left.
You didn't know any spells.
Your spell library contained the following spells:

 Spells                   Type           Power      Damage    Failure   Level
 Static Discharge         Conj/Air       0%         2-2/arc   73%         2
 Vhi's Electric Charge    Tloc/Air       0%         N/A       91%         3
 Arcjolt                  Conj/Air       0%         1d10      100%        5
 Lightning Bolt           Conj/Air       0%         1d11      100%        5


Dungeon Overview and Level Annotations

Branches:
Dungeon (4/15)
 Temple: D:4-7

Altars:
Fedhas
Zin

Shops:
D:1 (*

Annotations:
D:3 Ijyb


Message History

You feel invigorated.
You feel very sick.
The orc priest hits you but does no damage.
You are lethally poisoned!
You hit the orc priest but do no damage.
The orc priest is lightly wounded.
You feel extremely sick.
The orc priest hits you but does no damage.
You are more poisoned.
* * * LOW HITPOINT WARNING * * *
You feel extremely sick.
You hit the orc priest.
The orc priest is heavily wounded.
* * * LOW HITPOINT WARNING * * *
You feel extremely sick.
The orc priest shouts, "Surrender to Beogh and we'll let you live!"
The orc priest hits you with a +0 whip of venom.
* * * LOW HITPOINT WARNING * * *
You are more poisoned.
It was a potion of attraction.
You feel attractive to monsters.
* * * LOW HITPOINT WARNING * * *
You feel extremely sick.
The orc priest shouts, "Beogh is our master!
Accept the truth or die!"
The orc priest hits you but does no damage.
You are more poisoned.
It was a potion of flight.
You feel very buoyant.
You fly up into the air.
You feel less invigorated.
You feel less confused.
* * * LOW HITPOINT WARNING * * *
You feel extremely sick.
The orc priest hits you with a +0 whip of venom.
* * * LOW HITPOINT WARNING * * *
You are more poisoned.
It was a potion of cancellation.
Your magical effects are unravelling.
You feel magically purged.
You float gracefully downwards.
You die...
Fedhas appreciates your contribution to the ecosystem.

##.###..............#
##.###............###
#.................#
#.................#
#......#.########## #+
#......#.........# ...
#....#.#.........# ....
#......#.........# .....
#....###..[.....@##......
.......+.........o)......
#....###.........####....
#....# #.........# .
#....# #.........# #....#
#.........# #....#
#####.##### ######
#.....# #.....#


You could see an orc priest.

Vanquished Creatures
  Jessica (D:3)
  3 orc wizards (D:4)
  6 adders
  An ufetubus (D:4)
  A worm (D:1)
  A dart slug (D:2)
  7 orcs (D:4)
  6 endoplasms
  7 goblins
  7 hobgoblins
  14 jackals
  2 quokkas
  10 ball pythons
  3 bats
  2 frilled lizards (D:3)
  3 kobolds
  4 rats
78 creatures vanquished.

Vanquished Creatures (others)
  A plant (D:1)
1 creature vanquished.

Grand Total: 79 creatures vanquished

Notes
Turn   | Place    | Note
-------+----------+-------------------------------------------
     0 | D:1      | themarg the Hill Orc Monk began the quest for the Orb.
     0 | D:1      | Reached XP level 1. HP: 19/19 MP: 1/1
    30 | D:1      | Found Ceajakit's General Store.
   288 | D:1      | Reached XP level 2. HP: 8/27 MP: 2/2
   429 | D:1      | Reached skill level 4 in Fighting
   807 | D:1      | Found Fator Xylyl's Weapon Emporium.
   830 | D:1      | Reached XP level 3. HP: 33/33 MP: 3/3
  1276 | D:2      | Reached XP level 4. HP: 30/41 MP: 4/4
  1678 | D:2      | Reached skill level 5 in Fighting
  2273 | D:3      | Noticed Ijyb
  2379 | D:3      | Noticed Jessica
  2387 | D:3      | Killed Jessica
  2388 | D:3      | Reached XP level 5. HP: 50/50 MP: 5/5
  2424 | D:3      | Found a faded altar of an unknown god.
  2589 | D:3      | Prayed at the altar of an unknown god.
  2589 | D:3      | Became a worshipper of Fedhas Madash
  2589 | D:3      | Reached * piety under Fedhas
  2589 | D:3      | Reached ** piety under Fedhas
  2748 | D:3      | Found a glowing silver altar of Zin.
  2842 | D:3      | Reached *** piety under Fedhas
  3279 | D:4      | Reached skill level 6 in Fighting
  3287 | D:4      | Reached skill level 1 in Invocations
  3501 | D:4      | Reached XP level 6. HP: 42/58 MP: 7/7
  3516 | D:4      | HP: 1/58 [orc priest/+0 whip of venom (3)]
  3517 | D:4      | Succumbed to an orc priest's poison

Illustrated notes

Levels and vault maps discovered:
D:1:      evilmike_arrival_crescent, layout_rooms, serial_forest,
          infiniplex_forest_clump_medium, infiniplex_forest_clump_curved,
          infiniplex_forest_clump_medium, infiniplex_forest_straight_3,
          infiniplex_forest_lined_room_2, infiniplex_forest_straight_4,
          infiniplex_forest_clump_curved, infiniplex_forest_clump_tiny,
          infiniplex_forest_join, serial_shops,
          nicolae_shop_bloodbath_and_beyond, shop, bh_walls_and_bars
D:2:      layout_rooms, serial_glass, glass_columns_c, glass_columns_a,
          kennysheep_minor_cross
D:3:      layout_basic, old_standard_altar, hellmonk_ecumenical_altar_run_dry,
          minmay_curled_crystal, uniq_ijyb, uniq_jessica
D:4:      layout_basic, mainiacjoe_overflow_two_lobes, uniq_pikel

Skill      XL: |  1  2  3  4  5  6 |
---------------+-------------------+-----
Stealth        | 2 |  2.5
Fighting       | 4 5 6 |  6.5
Dodging        | 3 |  3.0
Invocations    | 1 2 |  2.0
Maces & Flails | |  3.2

Action                   |  1- 3 |  4- 6 || total
-------------------------+-------+-------++-------
Melee: Mace              |   121 |   183 ||   304
       Punch             |     2 |       ||     2
  Use: Potion            |       |     4 ||     4
 Stab: Sleeping          |     3 |       ||     3
Armor: Robe              |    21 |     8 ||    29
       Ring mail         |       |    73 ||    73
Dodge: Dodged            |   102 |   125 ||   227

Table legend: (Time is in decaauts)
 A = Elapsed time spent in this place.
 B = Non-inter-level travel time spent in this place.
 C = Inter-level travel time spent in this place.
 D = Time resting spent in this place.
 E = Time spent auto-exploring this place.
 F = Levels seen in this place.
 G = Mean time per level.
                   A        B        C        D        E       F      G
               +--------+--------+--------+--------+--------+-----+--------+
         Total |   3589 |   3393 |    196 |    125 |   2605 |   4 |  897.2 |
       Dungeon |   3589 |   3393 |    196 |    125 |   2605 |   4 |  897.2 |
               +--------+--------+--------+--------+--------+-----+--------+

Top non-repeatable levels by time:
     D:1: 1060 daAuts
     D:3: 1055 daAuts
     D:2: 986 daAuts
     D:4: 488 daAuts
